 Dungeon Crawl Stone Soup version 0.27.0-1-g7a089689b8 (webtiles) character file.

Game seed: 1476181107620954278

215 rjrrt the Firebug (level 5, -1/28 HPs)
             Began as a Deep Elf Fire Elementalist on Aug 10, 2021.
             Succumbed to a scorpion's poison
             ... on level 4 of the Dungeon.
             The game lasted 00:07:02 (2479 turns).

rjrrt the Firebug (Deep Elf Fire Elementalist)      Turns: 2479, Time: 00:07:03

Health: -1/28      AC:  5    Str:  6    XL:     5   Next: 60%
Magic:  10/13      EV: 12    Int: 20    God:
Gold:   102        SH:  0    Dex: 15    Spells: 4/12 levels left

rFire    . . .     SeeInvis .   a - +0 flail (protect)
rCold    . . .     Faith    .   (no shield)
rNeg     . . .     Spirit   .   k - +2 robe
rPois    .         Reflect  .   (no helmet)
rElec    .         Harm     .   (no cloak)
rCorr    .         Rampage  .   h - +0 pair of gloves
Will     .....                  (no boots)
Stlth    ++........             (no amulet)
HPRegen  0.09/turn              (no ring)
MPRegen  0.13/turn              (no ring)

@: lethally poisoned (-1 -> -25)
A: no striking features
a: no special abilities


You were on level 4 of the Dungeon.
You visited 1 branch of the dungeon, and saw 4 of its levels.

You collected 102 gold pieces.

Inventory:

Hand Weapons
 a - a +0 flail of protection (weapon)
Missiles
 b - 3 javelins (quivered)
 d - 14 poisoned darts
 f - 8 boomerangs
Armour
 h - a +0 pair of gloves (worn)
 k - a +2 robe (worn)
Wands
 g - a wand of iceblast (13)
 l - a wand of digging (4)
Scrolls
 e - 2 scrolls of teleportation
 j - a scroll of amnesia
 m - a scroll of fear
 n - 3 scrolls of enchant weapon
Potions
 c - a potion of curing {unknown}
 i - a potion of heal wounds {unknown}


   Skills:
 - Level 2.4 Dodging
 - Level 2.4 Stealth
 + Level 4.4 Spellcasting
 * Level 3.8 Conjurations
 * Level 5.1 Fire Magic


You had 4 spell levels left.
You knew the following spells:

 Your Spells              Type           Power      Damage    Failure   Level
a - Foxfire               Conj/Fire      88%        2x1d8     1%          1
c - Sticky Flame          Conj/Fire      22%        2d4       19%         4
B - Conjure Flame         Conj/Fire      22%        6-21      6%          3

Your spell library contained the following spells:

 Spells                   Type           Power      Damage    Failure   Level
 Inner Flame              Hex/Fire       14%        N/A       13%         3
 Fireball                 Conj/Fire      11%        3d7       47%         5


Dungeon Overview and Level Annotations

Branches:
Dungeon (4/15)
 Temple: D:4-7

Altars:


Message History

Casting: Foxfire (safe; 1% risk of failure)
Confirm with . or Enter, or press ? or * to list all spells.
You conjure some foxfire!
The foxfire hits the scorpion but does no damage.
The foxfire hits the scorpion.
The scorpion is lightly wounded.
The scorpion stings you.
Casting: Foxfire (safe; 1% risk of failure)
Confirm with . or Enter, or press ? or * to list all spells.
You conjure some foxfire!
The scorpion stings you.
The scorpion stings you but does no damage.
The foxfire hits the scorpion.
The scorpion is moderately wounded.
The foxfire hits the scorpion but does no damage.
The scorpion is moderately wounded.
The scorpion stings you.
You are poisoned.
The scorpion poisons you!
Casting: Foxfire (safe; 1% risk of failure)
Confirm with . or Enter, or press ? or * to list all spells.
You conjure some foxfire!
You feel very sick. The scorpion stings you.
You are lethally poisoned!
The scorpion poisons you!
You feel very sick.
The foxfire hits the scorpion.
The scorpion is moderately wounded.
The foxfire hits the scorpion.
The scorpion is heavily wounded.
The scorpion stings you.
You are more poisoned.
The scorpion poisons you!
Casting: Foxfire (safe; 1% risk of failure)
Confirm with . or Enter, or press ? or * to list all spells.
You conjure some foxfire!
* * * LOW HITPOINT WARNING * * *
You feel extremely sick. The scorpion closely misses you.
You die...

#.## #.# #.# ########.#
#.# #......#.# #.#
#.####.#.#### #.#
#..<........####### #.#
#.##.#.###.....).<#
#.###......#.......##.#
.........#.#.#.v.#.##†#
#...#.####.....v@#.....
#...#!..........s####.#.
#...########.....####.###
#..># ...####......#
#(..# ###. #.###### #...#
####.##.## #...#
.........# ..##.##..# #.
#......o.


You could see a scorpion (ally target).

Vanquished Creatures
  Edmund (D:4)
  Jessica (D:2)
  2 adders
  A worm (D:3)
  A dart slug (D:1)
  5 endoplasms
  2 giant cockroaches
  7 goblins
  3 hobgoblins
  3 jackals (D:2)
  2 quokkas
  6 ball pythons
  3 bats (D:1)
  4 frilled lizards
  7 kobolds
  2 rats (D:1)
50 creatures vanquished.

Vanquished Creatures (others)
  129 foxfires
129 creatures vanquished.

Grand Total: 179 creatures vanquished

Notes
Turn   | Place    | Note
-------+----------+-------------------------------------------
     0 | D:1      | rjrrt the Deep Elf Fire Elementalist began the quest for
                  | the Orb.
     0 | D:1      | Reached XP level 1. HP: 10/10 MP: 6/6
   313 | D:1      | Reached XP level 2. HP: 11/15 MP: 1/8
   426 | D:1      | Found a faded altar of an unknown god.
   948 | D:2      | Noticed Jessica
   957 | D:2      | Killed Jessica
   958 | D:2      | Reached skill level 4 in Fire Magic
   958 | D:2      | Reached XP level 3. HP: 8/19 MP: 2/10
  1332 | D:2      | Reached XP level 4. HP: 24/24 MP: 9/11
  1337 | D:2      | Learned a level 4 spell: Sticky Flame
  1741 | D:3      | Noticed a centaur
  2134 | D:4      | Noticed Edmund
  2142 | D:4      | Learned a level 3 spell: Conjure Flame
  2156 | D:4      | Killed Edmund
  2157 | D:4      | Reached skill level 5 in Fire Magic
  2157 | D:4      | Reached XP level 5. HP: 15/28 MP: 5/13
  2479 | D:4      | Succumbed to a scorpion's poison

Illustrated notes

Levels and vault maps discovered:
D:1:      kennysheep_arrival_forest, layout_loops_cross,
          hellmonk_ecumenical_altar_leap_of_faith
D:2:      layout_rooms, uniq_jessica
D:3:      layout_rooms
D:4:      layout_loops_cross, hex_tiny, uniq_edmund, uniq_duvessa, uniq_robin,
          uniq_grinder

Skill      XL: |  1  2  3  4 |
---------------+-------------+-----
Conjurations   | 2 3 |  3.8
Fire Magic     | 4 5 |  5.1
Spellcasting   | 4 |  4.4
Dodging        | |  2.4
Stealth        | |  2.4

Action                   |  1- 3 |  4- 6 || total
-------------------------+-------+-------++-------
Melee: Dagger            |       |     3 ||     3
 Cast: Foxfire           |    54 |    33 ||    87
       Conjure Flame     |       |     1 ||     1
  Use: Scroll            |       |     9 ||     9
Armor: Robe              |     4 |     3 ||     7
Dodge: Dodged            |     8 |     9 ||    17
